 Dungeon Crawl Stone Soup version 0.18.1-48-g4cf74bf (webtiles) character file.

263 Gargoyl the Skirmisher (level 5, -12/63 HPs)
             Began as a Demonspawn Abyssal Knight on Sept 4, 2016.
             Was a Priest of Lugonu.
             Mangled by an ogre
             ... wielding a +0 giant club
              (19 damage)
             ... on level 3 of the Dungeon.
             The game lasted 00:08:47 (3816 turns).

Gargoyl the Skirmisher (Demonspawn Abyssal Knight)  Turns: 3816, Time: 00:08:48

Health: -12/63     AC:  9    Str: 18    XL:     5   Next: 98%
Magic:  7/7        EV:  8    Int: 14    God:    Lugonu [***...]
Gold:   235        SH:  0    Dex: 14    Spells: 0 memorised, 4 levels left

rFire  + . .     SeeInvis .     u - +0 war axe
rCold  . . .     Gourm    .     g - +0 chain mail
rNeg   . . .     Faith    .     (no shield)
rPois  .         Spirit   .     (no helmet)
rElec  .         Dismiss  .     (no cloak)
rCorr  .         Reflect  .     (no gloves)
SustAt .         Harm     .     (no boots)
MR     .....                    t - amulet of rage
Stlth  ..........               (no ring)
                                s - +2 ring of dexterity

@: berserking, very quick, not resistant to hostile enchantments, extremely
unstealthy
A: claws 2, fire resistance 1
a: Depart the Abyss, Bend Space, Banish, Renounce Religion, Evoke Berserk Rage


You were on level 3 of the Dungeon.
You worshipped Lugonu.
Lugonu was most pleased with you.
You were not hungry.

You visited 1 branch of the dungeon, and saw 4 of its levels.
You visited the Abyss 1 time.

You collected 235 gold pieces.

Inventory:

Hand Weapons
 u - a +0 war axe (weapon)
Armour
 g - a +0 chain mail (worn)
Jewellery
 s - a +2 ring of dexterity (left claw)
 t - an amulet of rage (around neck)
Wands
 o - a wand of lightning (8/15)
Scrolls
 d - 3 scrolls of immolation {unknown}
 e - 7 scrolls of identify {unknown}
 f - 2 scrolls of amnesia {unknown}
 h - 2 scrolls of enchant weapon {unknown}
 i - 2 scrolls of random uselessness {unknown}
 l - a scroll of remove curse {unknown}
 n - 3 scrolls of teleportation {unknown}
 p - 2 scrolls of magic mapping {unknown}
Potions
 b - 2 potions of curing
 j - a potion of cure mutation {unknown}
 r - 2 potions of heal wounds {unknown}
Comestibles
 a - 2 chunks of flesh
 c - a bread ration
 k - 4 meat rations
 m - 2 slices of pizza
 q - a beef jerky


   Skills:
 + Level 4.3 Fighting
 + Level 3.0 Axes
 * Level 3.7 Armour
 + Level 1.7 Dodging
 + Level 0.2 Stealth
 + Level 2.7 Invocations


You had 4 spell levels left.
You didn't know any spells.

Dungeon Overview and Level Annotations

Branches:
Dungeon (4/15)
 Temple: D:4-7

Altars:
The Shining One

Annotations:
D:4 sinon's ghost, amateur MiCK


Innate Abilities, Weirdness & Mutations

You have very sharp fingernails.
Your flesh is heat resistant.


Message History

The ogre hits you with a giant club!
* * * LOW HITPOINT WARNING * * *
The adder bites you.
* * * LOW HITPOINT WARNING * * *
Drink which item? (? for menu, Esc to quit)
Okay, then.
A red film seems to cover your vision as you go berserk!
You feel yourself moving faster!
You feel mighty! The adder bites you but does no damage.
The ogre barely misses you.
You slash the ogre!
The ogre is moderately wounded.
You slash the adder!
You kill the adder!
Lugonu accepts your kill.
Your Axes skill increases to level 3!
Unknown command.
You slash the ogre!
The ogre is heavily wounded.
The ogre hits you with a giant club!!
You die...

.♣♣ ♣♣♣.♣ #..........###
♣.♣ ♣.♣ #............#
♣.♣♣♣♣♣ ♣.♣♣ #.##..###.##.#
♣♣.♣♣.♣ ♣♣.♣ #.....#...##.#
♣♣...♣♣♣ ♣.♣ #.##(##.#....#
♣♣♣...♣♣ ♣.♣♣
#.##..<.#.#### ♣♣....♣
♣♣.♣♣ #.##....#.# ♣.....♣
♣÷O♣ #.......#.# ♣♣....♣
♣♣@♣ #.......#.# ♣.♣(.♣♣
♣♣♣ #......##.# # ♣♣♣♣♣♣
#.........# ## ##.#..#.####
.##################....##.#
..........................#
###########################


You could see an ogre.

Vanquished Creatures
  A howler monkey (D:3)
  An orc wizard (D:3)
  A hound zombie (D:3)
  3 gnolls (D:2)
  5 adders
  An ooze (D:3)
  4 dart slugs
  2 giant geckos
  7 orcs (D:3)
  A ball python (D:3)
  20 bats
  3 giant cockroaches
  10 goblins
  3 hobgoblins
  8 jackals
  10 kobolds
  3 quokkas
  2 giant newts
  5 rats
90 creatures vanquished.

Vanquished Creatures (others)
  A jackal (D:3)
1 creature vanquished.

Grand Total: 91 creatures vanquished

Notes
Turn   | Place    | Note
--------------------------------------------------------------
     0 | Abyss:1  | Gargoyl the Demonspawn Abyssal Knight began the quest for the Orb.
     0 | Abyss:1  | Reached XP level 1. HP: 18/18 MP: 2/2
    42 | Abyss:1  | Noticed a fire giant skeleton
    79 | Abyss:2  | Found a corrupted altar of Lugonu.
    80 | Abyss:2  | Found a blossoming altar of Fedhas.
   106 | Abyss:2  | Noticed a smoke demon
   136 | D:1      | Escaped the Abyss
   428 | D:1      | Gained mutation: You have sharp fingernails. [demonic ancestry]
   428 | D:1      | Reached XP level 2. HP: 21/24 MP: 3/3
   447 | D:1      | Reached * piety under Lugonu
   713 | D:1      | Reached skill level 1 in Dodging
   713 | D:1      | Gained mutation: Your flesh is heat resistant. [demonic ancestry]
   713 | D:1      | Reached XP level 3. HP: 27/29 MP: 4/4
  1237 | D:2      | Found a faded altar to an unknown god.
  1238 | D:2      | Reached XP level 4. HP: 37/37 MP: 6/6
  1482 | D:2      | Reached skill level 4 in Fighting
  1542 | D:2      | Reached ** piety under Lugonu
  2415 | D:3      | Gained mutation: You have very sharp fingernails. [demonic ancestry]
  2415 | D:3      | Reached XP level 5. HP: 42/42 MP: 7/7
  2922 | D:3      | Found a glowing golden altar of the Shining One.
  2923 | D:3      | Reached *** piety under Lugonu
  3596 | D:4      | Noticed sinon's ghost (amateur MiCK)
  3703 | D:4      | Noticed an ogre
  3816 | D:3      | Mangled by an ogre

Skill      XL: |  1  2  3  4  5 |
---------------+----------------+-----
Armour         | 2 3 |  3.7
Axes           | 2 3 |  3.0
Dodging        | 1 |  1.7
Fighting       | 4 |  4.3
Stealth        | |  0.2
Invocations    | |  2.7

Action                   |  1- 3 |  4- 6 || total
-------------------------+-------+-------++-------
Melee: Hand axe          |    98 |   186 ||   284
       War axe           |       |    26 ||    26
Invok: Depart the Abyss  |     1 |       ||     1
 Abil: Evoke Berserk Rag |       |     1 ||     1
  Use: Potion            |       |     1 ||     1
  Eat: Chunk             |     1 |     7 ||     8
       Bread ration      |       |     1 ||     1
Armor: Chain mail        |    65 |   291 ||   356
Dodge: Dodged            |    43 |   126 ||   169
